 Dungeon Sprint DCSS version 0.26.1-2-gb8aa6d0cf2 (webtiles) character file.

Game seed: 590487570584489309

10065 Groucho the Fighter (level 11, -2/108 HPs)
             Began as a Ghoul Gladiator on Feb 14, 2021.
             Was the Champion of Makhleb.
             Shot with a bolt by an orc knight (21 damage)
             ... in the Dungeon (Sprint IX: "|||||||||||||||||||||||||||||").
             The game lasted 00:06:43 (1406 turns).

Groucho the Fighter (Ghoul Gladiator)               Turns: 1406, Time: 00:06:44

Health: -2/108     AC: 14    Str: 22    XL:     11   Next: 56%
Magic:  19/19      EV: 18    Int:  3    God:    Makhleb [******]
Gold:   683        SH:  0    Dex: 13    Spells: 10/10 levels left

rFire    . . .     SeeInvis .   n - +5 scimitar (flame)
rCold    + . .     Faith    .   (no shield)
rNeg     + + +     Spirit   .   p - +2 ring mail
rPois    ∞         Reflect  .   o - +0 helmet
rElec    .         Harm     .   a - +0 cloak
rCorr    .         Rampage  .   (no gloves)
Will     .....     NoTele   +   (no boots)
Stlth    +.........             (no amulet)
HPRegen  0.00/turn              b - +3 ring of strength
MPRegen  0.16/turn              c - +2 ring of protection

@: no status effects
A: claws 1, cold resistance 1, negative energy resistance 3, inhibited
regeneration, torment resistance, unbreathing
a: Renounce Religion, Minor Destruction, Lesser Servant of Makhleb, Major
Destruction, Greater Servant of Makhleb


You were in the Dungeon.
You worshipped Makhleb.
Makhleb was exalted by your worship.
You visited 1 branch You collected 683 gold pieces.

Inventory:

Hand Weapons
 n - a +5 scimitar of flaming (weapon)
Missiles
 d - 3 throwing nets (quivered)
Armour
 a - a +0 cloak (worn)
 o - a +0 helmet (worn)
 p - a +2 ring mail (worn)
 q - a +0 pair of gloves
Jewellery
 b - a +3 ring of strength (left claw)
 c - a +2 ring of protection (right claw)
Wands
 m - a wand of iceblast (4)
 u - a wand of flame (1)
Scrolls
 i - a scroll of blinking
 k - 4 scrolls of remove curse
 l - 2 scrolls of amnesia
 r - a scroll of identify
 s - 2 scrolls of enchant armour
 t - a scroll of fog
Potions
 g - a potion of haste
 h - 4 potions of magic
 j - 4 potions of curing
 v - a potion of mutation {unknown}


   Skills:
 + Level 13.8 Fighting
 + Level 12.0 Long Blades
 - Level 1.7 Throwing
 + Level 11.7 Armour
 + Level 12.0 Dodging
 + Level 13.1 Invocations


You had 10 spell levels left.
You didn't know any spells.
Your spell library was empty.

Dungeon Overview and Level Annotations

Branches:
Dungeon (1/1)

Altars:
Cheibriados
Dithmenos
Elyvilon
Fedhas
Gozag
Hepliaklqana
Kikubaaqudgha
Makhleb
Nemelex Xobeh
Okawaru
Qazlal
Ru
Sif Muna
Trog
Uskayaw
Vehumet
Wu Jian
Xom
Yredelemnul
Zin
The Shining One
Beogh
Jiyva
Lugonu


Innate Abilities, Weirdness & Mutations

You thrive by killing the living.
You are immune to poison.
You have sharp fingernails.
Your flesh is cold resistant. (rC+)
You are immune to negative energy. (rN+++)
You do not regenerate when monsters are visible.
You are immune to unholy pain and torment.
You can survive without breathing.


Message History

You close the door.
You see here a +0 pair of gloves.
An orc knight opens the door.
You see here a +0 cloak.
The orc knight shoots a bolt.
The bolt closely misses you.
Things that are here:
a bolt; a +0 cloak
Things that are here:
a +0 giant club; a +0 robe
There is an open door here.
You close the door.
You see here a +0 chain mail.
You see here a +0 hand axe.
An orc knight opens the door.
There is an open door to Lair:6, spattered with blood here.
You close the door.
Something unseen opens the door.
There is an open door, spattered with blood here.
The orc knight shoots a bolt.
The bolt hits you!!
You die...

▓.▓.▓.▓.▓_▓
▓.▓.▓.▓.▓_▓
▓)▓.▓.▓.▓_▓
▓o▓.▓.▓.▓_▓
▓.▓.▓.▓.▓_▓
▓)▓.▓.▓.▓_▓
▓o▓.▓.▓.▓_▓
▓o▓.▓.▓.▓_▓
▓$▓.▓@▓.▓_▓
▓$▓.▓'▓.▓_▓
▓$▓.▓.▓.▓_▓
▓o▓.▓.▓.▓_▓
▓o▓.▓.▓.▓_▓
▓.▓.▓.▓_▓
▓.▓.▓.▓_▓
▓.▓o▓.▓_▓
▓.▓.▓.▓_▓


You could see an orc knight.

Vanquished Creatures
  An ettin (D)
  2 hydras (D)
  Erolcha (D)
  An orc high priest (D)
  An unseen horror (D)
  An orc sorcerer (D)
  A black mamba (shapeshifter) (D)
  2 black mambas (D)
  Psyche (D)
  A gargoyle (D)
  4 cane toads (D)
  4 polar bears (D)
  2 yaks (D)
  An acid dragon (D)
  2 water moccasins (D)
  4 orc warriors (D)
  4 black bears (D)
  2 wolves (D)
  A big kobold (D)
  4 bullfrogs (D)
  A scorpion (D)
  4 orc wizards (D)
  2 orc priests (D)
  A jelly (D)
  A hell rat (D)
  An adder (D)
  An ufetubus (D)
  A dart slug (D)
  5 orcs (D)
  A hobgoblin (D)
  A frilled lizard (D)
  A giant cockroach zombie (D)
  2 goblins (D)
  A quokka skeleton (D)
  A quokka zombie (D)
64 creatures vanquished.

Vanquished Creatures (others)
  A centaur (D)
  An orc priest (D)
2 creatures vanquished.

Grand Total: 66 creatures vanquished

Notes
Turn   | Place    | Note
-------+----------+-------------------------------------------
     0 | D        | Groucho the Ghoul Gladiator began the quest for the Orb.
     0 | D        | Reached XP level 1. HP: 17/17 MP: 0/0
     9 | D        | Reached skill level 1 in Armour
    19 | D        | Noticed a jelly
    23 | D        | Reached XP level 2. HP: 12/26 MP: 1/1
    26 | D        | Reached XP level 3. HP: 13/33 MP: 2/2
    41 | D        | Found a roughly hewn altar of Beogh.
    41 | D        | Found a snail-covered altar of Cheibriados.
    41 | D        | Found a shadowy altar of Dithmenos.
    41 | D        | Found a white marble altar of Elyvilon.
    41 | D        | Found a blossoming altar of Fedhas.
    41 | D        | Found an opulent altar of Gozag.
    42 | D        | Found a hazy altar of Hepliaklqana.
    43 | D        | Found a viscous altar of Jiyva.
    44 | D        | Found an ancient bone altar of Kikubaaqudgha.
    45 | D        | Found a corrupted altar of Lugonu.
    46 | D        | Found a burning altar of Makhleb.
    47 | D        | Found a sparkling altar of Nemelex Xobeh.
    48 | D        | Found an iron altar of Okawaru.
    49 | D        | Found a stormy altar of Qazlal.
    50 | D        | Found a sacrificial altar of Ru.
    51 | D        | Found a shimmering blue altar of Sif Muna.
    52 | D        | Found a bloodstained altar of Trog.
    53 | D        | Found a hide-covered altar of Uskayaw.
    54 | D        | Found a radiant altar of Vehumet.
    55 | D        | Found an ornate altar of the Wu Jian Council.
    58 | D        | Became a worshipper of Makhleb the Destroyer
    61 | D        | Found a shimmering altar of Xom.
    62 | D        | Found a basalt altar of Yredelemnul.
    63 | D        | Found a glowing silver altar of Zin.
    64 | D        | Found a glowing golden altar of the Shining One.
   125 | D        | Noticed a scorpion
   125 | D        | Noticed a big kobold
   132 | D        | Killed a scorpion
   133 | D        | Reached skill level 1 in Invocations
   133 | D        | Reached XP level 4. HP: 20/41 MP: 2/4
   135 | D        | Reached skill level 5 in Fighting
   137 | D        | Killed a big kobold
   137 | D        | Reached * piety under Makhleb
   138 | D        | Reached skill level 5 in Long Blades
   138 | D        | Reached skill level 5 in Dodging
   138 | D        | Reached XP level 5. HP: 37/50 MP: 2/6
   142 | D        | Reached XP level 6. HP: 48/58 MP: 2/8
   146 | D        | Noticed a gargoyle
   146 | D        | Noticed a yak
   146 | D        | Noticed a cane toad
   146 | D        | Noticed an acid dragon
   149 | D        | Reached skill level 5 in Armour
   149 | D        | Reached skill level 5 in Invocations
   152 | D        | Killed a gargoyle
   152 | D        | Reached ** piety under Makhleb
   153 | D        | Reached XP level 7. HP: 46/68 MP: 3/10
   157 | D        | Killed a yak
   159 | D        | Noticed a black mamba
   159 | D        | a cane toad changed into a black mamba
   168 | D        | Killed an unseen horror
   169 | D        | Reached XP level 8. HP: 68/78 MP: 4/13
   173 | D        | Killed a black mamba
   185 | D        | Reached *** piety under Makhleb
   186 | D        | Reached skill level 10 in Fighting
   186 | D        | Reached XP level 9. HP: 45/85 MP: 6/14
   528 | D        | Noticed a seven-headed hydra
   528 | D        | Noticed a black mamba
   528 | D        | Noticed a cane toad
   532 | D        | Killed a four-headed hydra
   539 | D        | Reached skill level 10 in Invocations
   539 | D        | Noticed a cane toad
   542 | D        | Killed a black mamba
   542 | D        | Reached **** piety under Makhleb
   548 | D        | Killed a cane toad
   553 | D        | Reached XP level 10. HP: 93/96 MP: 16/16
   560 | D        | Killed a cane toad
   560 | D        | Reached ***** piety under Makhleb
   561 | D        | Reached skill level 10 in Long Blades
   561 | D        | Reached skill level 10 in Dodging
   572 | D        | Noticed an eight-headed hydra
   572 | D        | Noticed a black mamba
   572 | D        | Noticed a cane toad
   577 | D        | Killed a five-headed hydra
   578 | D        | Reached skill level 10 in Armour
   581 | D        | Noticed a cane toad
   586 | D        | Killed a black mamba
   600 | D        | Killed a cane toad
   606 | D        | Killed a cane toad
   627 | D        | Reached ****** piety under Makhleb
   649 | D        | Reached XP level 11. HP: 106/106 MP: 17/19
   701 | D        | Noticed Erolcha
   735 | D        | Killed Erolcha
  1059 | D        | Noticed Psyche
  1068 | D        | Killed Psyche
  1106 | D        | Noticed an ettin
  1106 | D        | Noticed an orc sorcerer
  1111 | D        | Noticed an orc high priest
  1123 | D        | Killed an ettin
  1126 | D        | Killed an orc sorcerer
  1148 | D        | Killed an orc high priest
  1247 | D        | Noticed an orc knight
  1406 | D        | Shot with a bolt by an orc knight

Illustrated notes

Levels and vault maps discovered:
D:        linesprint [early_d, line_temple, items_1, d_10, items_2, lair_1,
          lair_end, items_3, orc_1, orc_end, items_4, d_15, swamp_1, shoals_1,
          snake_1, spider_1, d_20, vaults_1, items_5, swamp_end, shoals_end,
          snake_end, spider_end, vaults_end, d_27, items_6, zot_1, zot_end,
          crypt_end, forest_end, elf_end, slime_end, tomb_end, abyss_end,
          pan_hell_end]

Skill      XL: |  1  2  3  4  5  6  7  8  9 10 11 |
---------------+----------------------------------+-----
Long Blades    | 3 4 5 7 8 9 11 12 | 12.0
Armour         | 1 2 3 4 6 7 8 9 10 11 | 11.7
Dodging        | 3 4 5 7 8 9 11 12 | 12.0
Fighting       | 3 4 6 8 9 10 11 12 13 | 13.8
Invocations    | 1 3 4 6 8 10 12 13 | 13.1
Throwing       | |  1.7

Action                   |  1- 3 |  4- 6 |  7- 9 | 10-12 || total
-------------------------+-------+-------+-------+-------++-------
Melee: Long sword        |    23 |       |       |       ||    23
       Scimitar          |     6 |    11 |    52 |   143 ||   212
Invok: Major Destruction |       |       |       |     1 ||     1
       Greater Servant o |       |       |       |     1 ||     1
Evoke: Wand              |       |       |       |     6 ||     6
  Use: Potion            |     3 |       |     2 |     7 ||    12
       Scroll            |       |       |     3 |     1 ||     4
 Stab: Invisible         |     2 |     3 |       |       ||     5
Armor: Leather armour    |     6 |       |       |       ||     6
       Ring mail         |       |       |    12 |    53 ||    65
Dodge: Dodged            |    14 |     6 |    35 |   106 ||   161
       Rpst.: Long sword |     5 |       |       |       ||     5
       Scimitar          |     2 |     4 |     5 |    10 ||    21
